 Dungeon Crawl Stone Soup version 0.30-a0-219-gf2db51d15e (webtiles) character file.

Game seed: 16675428499878323036

266 sleeves the Cudgeller (level 6, -5/32 HPs)
             Began as a Vine Stalker Fighter on Oct 7, 2022.
             Slain by a wraith (9 damage)
             ... in an ossuary.
             The game lasted 00:02:59 (2392 turns).

sleeves the Cudgeller (Vine Stalker Fighter)        Turns: 2392, Time: 00:02:59

Health: -5/32      AC:  6    Str: 19    XL:     6   Next: 20%
Magic:  0/16       EV:  9    Int: 10    God:
Gold:   167        SH:  4    Dex: 13    Spells: 5/5 levels left

rFire   . . .      SeeInvis .    a - +0 flail
rCold   + . .      Faith    .    c - +0 buckler
rNeg    . . .      Spirit   +    b - +0 scale mail
rPois   .          Reflect  .    (no helmet)
rElec   .          Harm     .    (no cloak)
rCorr   .          Rampage  .    (no gloves)
Will    .....                    (no boots)
Stlth   ..........               (no amulet)
HPRegen 1.05/turn                p - ring of protection from cold
MPRegen 0.15/turn                s - ring of magical power

@: mighty, slowed, very slow
A: fangs 2, regeneration 1, magic shield, antimagic bite, no potion heal 2
a: no special abilities


You were in an ossuary.
You visited 1 branch of the dungeon, and saw 4 of its levels.
You also visited: Ossuary.

You collected 167 gold pieces.

Inventory:

Hand Weapons
 a - a +0 flail (weapon)
Missiles
 m - 6 atropa-tipped darts (quivered)
 r - 2 boomerangs
Armour
 b - a +0 scale mail (worn)
 c - a +0 buckler (worn)
 o - a +1 leather armour of willpower
   (You found it on level 4 of the Dungeon)
Jewellery
 p - a ring of protection from cold (left hand)
   (You found it on level 4 of the Dungeon)
 s - a ring of magical power (right hand)
   (You took it off an orc on level 4 of the Dungeon)
Scrolls
 e - 2 scrolls of blinking {unknown}
 f - a scroll of poison {unknown}
 g - 2 scrolls of immolation {unknown}
 i - 5 scrolls of identify {unknown}
 j - 2 scrolls of fog {unknown}
 k - 3 scrolls of teleportation {unknown}
 u - a scroll of summoning {unknown}
Potions
 d - a potion of might
 h - a potion of degeneration {unknown}
 l - a potion of heal wounds {unknown}
 n - a potion of curing {unknown}
 q - a potion of berserk rage {unknown}
 t - a potion of attraction {unknown}


   Skills:
 - Level 2.6 Fighting
 + Level 5.8 Maces & Flails
 - Level 2.4 Armour
 - Level 2.6 Shields


You had 5 spell levels left.
You didn't know any spells.
Your spell library contained the following spells:

 Spells                   Type           Power      Damage    Failure   Level
 Blink                    Tloc           0%         N/A       93%         2
 Manifold Assault         Tloc           0%         N/A       100%        4
 Storm Form               Tmut/Air       0%         N/A       100%        7


Dungeon Overview and Level Annotations

Branches:
Dungeon (4/15)            Ossuary (1/1)
 Temple: D:4-7

Altars:
Zin


Innate Abilities, Weirdness & Mutations

You have extremely sharp teeth.
Your natural rate of healing is unusually fast.
When hurt, damage is shared between your health and your magic reserves.
Your bite disrupts and absorbs the magic of your enemies.
Potions cannot restore your health.


Message History

A rat is nearby!
A rat is nearby!
The rat bites you but does no damage.
You hit the rat.
The rat is severely wounded.
The rat bites you but does no damage.
You sock the rat!
You kill the rat!
No target in view!
There is a shaft here.
An adder comes into view.
An adder is nearby!
An adder is nearby!
You closely miss the adder. You bite the adder. You drain its power.
The adder is heavily wounded.
The adder bites you.
You hit the adder.
The adder is severely wounded.
The adder bites you but does no damage. x2
You miss the adder. Your bite misses the adder.
The adder is severely wounded.
The adder barely misses you.
You closely miss the adder. You bite the adder, but do no damage.
The adder is severely wounded.
The adder completely misses you. You block the adder's attack.
You closely miss the adder.
The adder is severely wounded.
The adder bites you. The adder closely misses you.
You barely miss the adder.
The adder is severely wounded.
The adder bites you but does no damage.
You hit the adder. You bite the adder.
You kill the adder!
No target in view!
No target in view!
No target in view!
A ball python comes into view.
The ball python hisses angrily.
A ball python is nearby!
A ball python is nearby!
Found 8 gold pieces.
You sock the ball python!
You kill the ball python!
No target in view!
No target in view!
No target in view!
No target in view!
No target in view!
No target in view!
No target in view!
No target in view!
No target in view!
No target in view!
You now have 49 gold pieces (gained 13).
You now have 57 gold pieces (gained 8).
You now have 63 gold pieces (gained 6).
Found a stone staircase leading up.
Found a leather armour.
You now have 74 gold pieces (gained 11).
A goblin comes into view. It is wielding a +0 club.
The goblin shouts!
A goblin is nearby!
You barely miss the goblin. Your bite misses the goblin.
You block the goblin's attack.
You thump the goblin!
You kill the goblin!
No target in view!
No target in view!
No target in view!
No target in view!
No target in view!
No target in view!
No target in view!
You see here a +0 club.
Found 6 atropa-tipped darts.
You see here 6 atropa-tipped darts.
A goblin comes into view. It is wielding a +0 dagger.
The goblin shouts!
A goblin is nearby!
A goblin is nearby!
A goblin comes into view. It is wielding a +0 club.
Found a scroll labelled GACYME QAYRIEM.
The goblin closely misses you.
You closely miss the goblin. The goblin hits you but does no damage.
You sock the goblin!
You kill the goblin!
You hit the goblin.
You kill the goblin!
No target in view!
No target in view!
No target in view!
No target in view!
No target in view!
No target in view!
No target in view!
No target in view!
No target in view!
Items here: )) ††.
i - 2 scrolls labelled GACYME QAYRIEM (gained 1)
A giant cockroach comes into view.
A giant cockroach is nearby!
A giant cockroach is nearby!
A giant cockroach is nearby!
You sock the giant cockroach!
You kill the giant cockroach!
No target in view!
No target in view!
No target in view!
No target in view!
No target in view!
No target in view!
No target in view!
You see here a giant cockroach corpse.
A ball python comes into view.
The ball python hisses angrily.
A ball python is nearby!
A ball python is nearby!
You hit the ball python.
You kill the ball python!
No target in view!
No target in view!
No target in view!
No target in view!
No target in view!
No target in view!
No target in view!
No target in view!
A kobold comes into view. It is wielding a +0 short sword.
A kobold is nearby!
A kobold is nearby!
You hit the kobold but do no damage. Your bite misses the kobold.
The kobold hits you but does no damage.
You barely miss the kobold. The kobold barely misses you.
The kobold closely misses you.
You miss the kobold. Your bite misses the kobold.
The kobold hits you but does no damage.
You closely miss the kobold. Your bite misses the kobold.
You block the kobold's attack.
You hit the kobold.
The kobold is moderately wounded.
The kobold barely misses you.
You closely miss the kobold. You bite the kobold.
You kill the kobold!
No target in view!
You see here a +0 short sword.
A worm comes into view.
A worm is nearby!
Found an Inescapable Atlas.
You hit the worm.
The worm is lightly wounded.
You sock the worm! You bite the worm.
You kill the worm!
No target in view!
No target in view!
No target in view!
No target in view!
No target in view!
No target in view!
No target in view!
No target in view!
You see here a worm corpse.
You pick up an Inescapable Atlas and begin reading...
You add the spells Blink, Manifold Assault and Storm Form to your library.
You see here a worm corpse.
k - a scroll labelled SICZEDWOSO A frilled lizard comes into view.
The frilled lizard hisses angrily.
A frilled lizard is nearby!
A frilled lizard is nearby!
You hit the frilled lizard but do no damage.
Your bite misses the frilled lizard.
The frilled lizard bites you but does no damage.
You hit the frilled lizard.
You kill the frilled lizard!
No target in view!
No target in view!
No target in view!
No target in view!
No target in view!
No target in view!
You see here a frilled lizard corpse.
Found a stone staircase leading down.
There is a stone staircase leading down here.
Found a quarterstaff.
Found a short sword.
No target in view!
No target in view!
No target in view!
No target in view!
No target in view!
No target in view!
Found a spear.
A frilled lizard comes into view.
Found a stone staircase leading down.
The frilled lizard hisses angrily.
A frilled lizard is nearby!
You miss the frilled lizard.
The frilled lizard bites you but does no damage.
The frilled lizard closely misses you.
You barely miss the frilled lizard. Your bite misses the frilled lizard.
You block the frilled lizard's attack.
You closely miss the frilled lizard.
The frilled lizard bites you but does no damage.
You closely miss the frilled lizard. Your bite misses the frilled lizard.
The frilled lizard bites you but does no damage.
You barely miss the frilled lizard. You bite the frilled lizard.
You drain its power.
The frilled lizard is heavily wounded.
The frilled lizard bites you but does no damage.
The frilled lizard bites you.
You barely miss the frilled lizard. Your bite misses the frilled lizard.
The frilled lizard is heavily wounded.
The frilled lizard bites you but does no damage.
A frilled lizard is nearby!
A frilled lizard is nearby!
A frilled lizard is nearby!
You barely miss the frilled lizard. You bite the frilled lizard.
You kill the frilled lizard!
No target in view!
No target in view!
No target in view!
No target in view!
No target in view!
There is a stone staircase leading down here.
A frilled lizard comes into view.
The frilled lizard hisses angrily.
A frilled lizard is nearby!
A frilled lizard is nearby!
A giant cockroach comes into view.
The frilled lizard bites you.
You hit the frilled lizard but do no damage.
The frilled lizard bites you but does no damage.
You barely miss the frilled lizard. Your bite misses the frilled lizard.
You block the giant cockroach's attack. The frilled lizard closely misses you.
You block the giant cockroach's attack. The frilled lizard closely misses you.
You hit the frilled lizard.
You kill the frilled lizard!
You block the giant cockroach's attack.
You barely miss the giant cockroach. The giant cockroach barely misses you.
The giant cockroach bites you but does no damage.
You completely miss the giant cockroach.
You block the giant cockroach's attack.
You hit the giant cockroach but do no damage.
The giant cockroach bites you but does no damage.
The giant cockroach barely misses you.
You hit the giant cockroach.
The giant cockroach is severely wounded.
The giant cockroach closely misses you.
A giant cockroach is nearby!
A giant cockroach is nearby!
A giant cockroach is nearby!
You hit the giant cockroach.
You kill the giant cockroach!
No target in view!
No target in view!
No target in view!
No target in view!
You see here a giant cockroach corpse.
A bat comes into view.
A bat is nearby!
A bat is nearby!
The bat hits you but does no damage. The bat barely misses you.
You block the bat's attack. The bat closely misses you.
You closely miss the bat. Your bite misses the bat.
The bat hits you but does no damage. The bat hits you but does no damage.
You sock the bat!
You kill the bat!
No target in view!
No target in view!
Found a stone staircase leading up.
There is a stone staircase leading up here.
Found a stone staircase leading down.
No target in view!
No target in view!
No target in view!
No target in view!
No target in view!
No target in view!
No target in view!
No target in view!
No target in view!
There is a stone staircase leading down here.
g - 2 scrolls labelled MIUKOFF TIFEY (gained 1)
You now have 83 gold pieces (gained 9).
A gnoll comes into view. It is wielding a +0 club.
The gnoll shouts!
The gnoll moves out of view.
A gnoll comes into view. It is wielding a +0 flail.
A gnoll is nearby!
A gnoll is nearby!
The gnoll shouts!
A gnoll comes into view. It is wielding a +0 club.
The gnoll shouts!
You thump the gnoll! Your bite misses the gnoll.
The gnoll is heavily wounded.
The gnoll hits you with a +0 flail. x2
There is a stone staircase leading up here.
The gnoll hits you with a +0 flail!
* * * LOW HITPOINT WARNING * * *
You climb upwards.
There is a stone staircase leading down here.
You barely miss the gnoll. You bite the gnoll, but do no damage.
The gnoll is heavily wounded.
You block the gnoll's attack.
You hit the gnoll but do no damage. Your bite misses the gnoll.
The gnoll is heavily wounded.
The gnoll hits you but does no damage.
You hit the gnoll. You bite the gnoll.
You kill the gnoll!
You start resting.
HP restored.
Things that are here:
5 stones; a +0 short sword Magic restored.
There is a stone staircase leading down here.
You climb downwards.
There is a stone staircase leading up here.
Things that are here:
a +0 club; a +0 sling You now have 94 gold pieces (gained 11).
l - a yellow potion You see here a +0 club.
Key pressed, stopping explore.
m - 6 atropa-tipped darts Done exploring.
Done exploring.
Done exploring.
Done exploring.
(D) Dungeon
Where to? (Enter - D:1 @ (x,y), ? - help)
You see here a +0 club.
There is a stone staircase leading down here.
You climb downwards.
Found 16 gold pieces.
There is a stone staircase leading up here.
There are monsters nearby!
There are monsters nearby!
There are monsters nearby!
There are monsters nearby!
A rat comes into view.
The giant cockroach bites you but does no damage.
The hobgoblin barely misses you. The bat hits you but does no damage.
You barely miss the bat. Your bite misses the bat. The bat closely misses you.
The giant cockroach closely misses you. The hobgoblin hits you.
The giant cockroach barely misses you.
You closely miss the hobgoblin. You bite the hobgoblin.
You kill the hobgoblin!
The bat hits you but does no damage. The giant cockroach bites you.
You barely miss the giant cockroach. You bite the giant cockroach.
You drain its power.
The giant cockroach is almost dead.
The bat barely misses you. The giant cockroach closely misses you.
The bat hits you but does no damage.
A goblin comes into view. It is wielding a +0 club.
The giant cockroach closely misses you.
You barely miss the giant cockroach.
The giant cockroach is almost dead.
The goblin shouts!
The bat hits you but does no damage.
A frilled lizard comes into view.
The giant cockroach bites you but does no damage.
The frilled lizard hisses angrily.
You hit the giant cockroach.
You kill the giant cockroach!
The bat hits you but does no damage. You block the rat's attack. x2
The bat barely misses you.
You hit the rat.
You kill the rat!
The bat hits you but does no damage. The bat hits you but does no damage.
You hit the bat.
The bat is severely wounded.
The bat hits you but does no damage.
You hit the bat.
You kill the bat!
You have reached level 5!
You barely miss the goblin. The goblin hits you with a +0 club.
You miss the goblin. Your bite misses the goblin. The goblin barely misses you.
You hit the goblin. Your bite misses the goblin.
The goblin is heavily wounded.
The goblin barely misses you.
The frilled lizard bites you but does no damage.
You block the goblin's attack. The frilled lizard bites you.
You sock the goblin!
You kill the goblin!
You block the frilled lizard's attack.
You sock the frilled lizard!
You kill the frilled lizard!
An endoplasm comes into view.
The endoplasm quivers.
Things that are here:
a +0 club; a goblin corpse You hit the endoplasm.
You bite the endoplasm.
You kill the endoplasm!
No target in view!
Magic restored.
A ball python comes into view.
The ball python hisses angrily.
A ball python is nearby!
A ball python is nearby!
An endoplasm comes into view.
The endoplasm quivers.
You hit the ball python.
The ball python is moderately wounded.
The ball python completely misses you. The ball python barely misses you.
You sock the ball python!
You kill the ball python!
You thump the endoplasm!
You kill the endoplasm!
No target in view!
No target in view!
No target in view!
You now have 110 gold pieces (gained 16).
A goblin comes into view. It is wielding a +0 club.
Found a scroll labelled GACYME QAYRIEM.
Found a stone staircase leading down.
The goblin shouts!
You hear an angry hiss.
A goblin is nearby!
A goblin is nearby!
A jackal comes into view.
The jackal barks!
You hear a bark!
A jackal comes into view. x2
A kobold and a ball python come into view.
The jackal barks!
The ball python hisses angrily.
The goblin barely misses you.
A jackal comes into view.
A hobgoblin comes into view.
The hobgoblin shouts!
The jackal barks!
A rat comes into view.
The goblin barely misses you. The goblin attacks as you move away!
The goblin hits you but does no damage. The goblin attacks as you move away!
You block the goblin's attack.
A ball python comes into view.
The jackal bites you but does no damage.
The jackal attacks as you move away!
The jackal bites you but does no damage.
The ball python hisses angrily.
The hobgoblin hits you.
You closely miss the rat. Your bite misses the rat. The rat bites you.
The hobgoblin hits you. The goblin hits you but does no damage.
The jackal bites you but does no damage.
The rat bites you but does no damage.
The hobgoblin hits you but does no damage.
You block the jackal's attack. The goblin hits you but does no damage.
The jackal attacks as you move away! The jackal closely misses you.
The rat bites you.
You completely miss the hobgoblin. You bite the hobgoblin.
You kill the hobgoblin!
The jackal misses you.
The jackal bites you but does no damage.
You block the jackal's attack. The rat closely misses you.
The jackal bites you but does no damage.
The ball python bites you but does no damage.
You block the ball python's attack.
The jackal bites you but does no damage.
The ball python bites you but does no damage.
The ball python grabs you. The ball python constricts you.
The rat bites you but does no damage.
You see here a hobgoblin corpse.
You escape the ball python's grasp.
The jackal attacks as you move away!
The jackal bites you but does no damage.
You hit the jackal but do no damage. You block the jackal's attack.
The jackal barely misses you.
You closely miss the jackal. Your bite misses the jackal. The jackal bites you.
You hit the jackal.
You kill the jackal!
The jackal bites you but does no damage.
You barely miss the jackal.
The jackal bites you but does no damage.
A kobold comes into view. It is wielding a +0 dagger.
The jackal bites you but does no damage.
The kobold shouts!
You sock the jackal!
You kill the jackal!
The jackal barely misses you.
You hit the jackal but do no damage. You bite the jackal.
You kill the jackal!
You hit the ball python.
The ball python is moderately wounded.
You block the ball python's attack. The ball python grabs you.
The ball python constricts you.
The ball python bites you but does no damage.
The ball python constricts you.
You closely miss the ball python.
The ball python is moderately wounded.
The ball python bites you but does no damage.
The ball python constricts you.
The ball python bites you but does no damage.
The ball python constricts you.
You hit the ball python. You bite the ball python.
You kill the ball python!
The rat bites you.
You closely miss the rat. Your bite misses the rat. The rat barely misses you.
You barely miss the rat. Your bite misses the rat.
The rat bites you but does no damage.
You hit the rat.
You kill the rat!
You closely miss the goblin.
The goblin hits you but does no damage. x2
You closely miss the goblin. Your bite misses the goblin.
The goblin hits you but does no damage.
A giant cockroach comes into view.
You sock the goblin!
You kill the goblin!
The ball python bites you but does no damage.
The ball python closely misses you.
You hit the ball python.
You kill the ball python!
The jackal bites you but does no damage.
You hit the jackal.
You kill the jackal!
The kobold closely misses you.
You hit the kobold.
You kill the kobold!
The giant cockroach barely misses you.
You hit the giant cockroach. Your bite misses the giant cockroach.
The giant cockroach is almost dead.
The giant cockroach barely misses you.
You sock the giant cockroach!
You kill the giant cockroach!
You sock the kobold!
You kill the kobold!
No target in view!
No target in view!
No target in view!
No target in view!
No target in view!
No target in view!
No target in view!
No target in view!
No target in view!
No target in view!
No target in view!
No target in view!
No target in view!
No target in view!
No target in view!
Items here: ( ))) ††.
You now have 122 gold pieces (gained 12).
i - 3 scrolls labelled GACYME QAYRIEM (gained 1)
An endoplasm comes into view.
An endoplasm is nearby!
An endoplasm is nearby!
The endoplasm quivers.
Found a stone.
You thump the endoplasm!
You kill the endoplasm!
No target in view!
No target in view!
No target in view!
A bat comes into view.
Found a scroll labelled SICZEDWOSO.
A bat is nearby!
A bat is nearby!
A goblin comes into view. It is wielding a +0 club.
Found a ring mail.
The goblin shouts!
The bat hits you but does no damage.
You miss the bat. Your bite misses the bat.
The bat hits you but does no damage. x2; The bat closely misses you.
You completely miss the bat. Your bite misses the bat.
You block the bat's attack. The bat hits you but does no damage.
You barely miss the bat. Your bite misses the bat.
The bat hits you but does no damage. The bat closely misses you.
The goblin hits you but does no damage.
You hit the goblin.
You kill the goblin!
You block the bat's attack.
You barely miss the bat. You bite the bat.
You kill the bat!
No target in view!
You now have 134 gold pieces (gained 12).
k - 2 scrolls labelled SICZEDWOSO (gained 1)
An endoplasm comes into view.
The endoplasm quivers.
An endoplasm is nearby!
An endoplasm is nearby!
You sock the endoplasm!
You kill the endoplasm!
No target in view!
No target in view!
No target in view!
No target in view!
No target in view!
Things that are here:
a +0 club; a goblin corpse You see here a +0 ring mail.
i - 4 scrolls labelled GACYME QAYRIEM (gained 1)
n - a fuming dark potion
Found 7 stones.
Found a stone staircase leading up.
No target in view!
No target in view!
No target in view!
No target in view!
No target in view!
No target in view!
No target in view!
No target in view!
No target in view!
Found a stone staircase leading down.
An endoplasm comes into view.
Found a robe.
The endoplasm quivers.
An endoplasm is nearby!
An endoplasm is nearby!
The endoplasm barely misses you.
You see here a +0 robe.
You thump the endoplasm!
You kill the endoplasm!
No target in view!
No target in view!
No target in view!
No target in view!
No target in view!
There is a stone staircase leading down here.
A worm comes into view.
A worm is nearby!
A worm is nearby!
Found a stone staircase leading down.
The worm bites you.
You thump the worm! You bite the worm!
You kill the worm!
No target in view!
No target in view!
No target in view!
No target in view!
No target in view!
No target in view!
No target in view!
No target in view!
HP restored.
A hobgoblin comes into view. It is wielding a +0 hand axe.
The hobgoblin shouts!
A hobgoblin is nearby!
A hobgoblin is nearby!
You hit the hobgoblin. Your bite misses the hobgoblin.
The hobgoblin is moderately wounded.
The hobgoblin hits you with a +0 hand axe.
You sock the hobgoblin!
You kill the hobgoblin!
No target in view!
No target in view!
No target in view!
No target in view!
An endoplasm comes into view.
The endoplasm quivers.
An endoplasm is nearby!
An endoplasm is nearby!
You thump the endoplasm!
You kill the endoplasm!
No target in view!
No target in view!
No target in view!
No target in view!
No target in view!
No target in view!
Found a stone staircase leading up.
A ball python comes into view.
The ball python hisses angrily.
A ball python is nearby!
A ball python is nearby!
You sock the ball python!
You kill the ball python!
No target in view!
No target in view!
No target in view!
No target in view!
No target in view!
i - 5 scrolls labelled GACYME QAYRIEM (gained 1) Done exploring.
Done exploring.
Done exploring.
No target in view!
(D) Dungeon
Where to? (Enter - D:3, ? - help)
There is a stone staircase leading down here.
You climb downwards.
You hear the hiss of flowing sand.
There is an entrance to an ossuary on this level.
Hurry and find it before the portal is buried!
The hound barks!
The orc shouts!
Found a scroll labelled SICZEDWOSO and a dyed leather armour.
Found a stone staircase leading up.
There is a stone staircase leading up here.
There are monsters nearby!
There are monsters nearby!
You hit the orc but do no damage. You bite the orc, but do no damage.
The orc hits you with a +0 flail.
You hit the orc. You bite the orc. You drain its power.
The orc is severely wounded.
The orc closely misses you.
You sock the orc!
You kill the orc!
You closely miss the hound. You bite the hound. You drain its power.
The hound is lightly wounded.
The hound barely misses you. You block the hound's attack.
You hit the hound.
The hound is lightly wounded.
The hound bites you but does no damage. x2
You barely miss the hound.
The hound is lightly wounded.
The hound bites you. You block the hound's attack.
You miss the hound.
The hound is lightly wounded.
The hound bites you but does no damage.
You barely miss the hound.
The hound is lightly wounded.
The hound bites you. The hound barely misses you.
You barely miss the hound. You bite the hound. You drain its power.
You feel invigorated.
The hound is moderately wounded.
The hound bites you but does no damage. The hound bites you.
You hit the hound. Your bite misses the hound.
The hound is severely wounded.
The hound bites you. x2
You hit the hound. Your bite misses the hound.
The hound is severely wounded.
The hound bites you.
You are too injured to fight recklessly!
You are too injured to fight recklessly!
You barely miss the hound.
The hound is severely wounded.
The hound bites you but does no damage. The hound bites you.
You closely miss the hound.
The hound is severely wounded.
The hound bites you but does no damage. x2
You closely miss the hound. You bite the hound. You drain its power.
You feel invigorated.
The hound is almost dead.
The hound bites you. The hound bites you but does no damage.
You hit the hound.
You kill the hound!
Your Maces & Flails skill increases to level 5!
Found two stone staircases leading down.
k - 3 scrolls labelled SICZEDWOSO (gained 1)
You see here a +1 leather armour of willpower.
o - a +1 leather armour of willpower You start removing your armour.
You continue taking off your +0 scale mail. x4
You finish taking off your +0 scale mail.
You start putting on your armour.
You continue putting on your +1 leather armour of willpower. x5
You finish putting on your +1 leather armour of willpower.
You feel strong-willed.
Okay, then.
Unknown command.
You start removing your armour.
You continue taking off your +1 leather armour of willpower. x4
You finish taking off your +1 leather armour of willpower.
You feel less strong-willed.
You start putting on your armour.
You continue putting on your +0 scale mail. x5
You hear the slow hiss of a very distant avalanche of sand.
You finish putting on your +0 scale mail.
Unknown command.
Found a short sword.
You see here a +0 short sword.
A ball python comes into view.
The ball python hisses angrily.
A ball python is nearby!
A ball python is nearby!
A jelly comes into view.
You sock the ball python!
You kill the ball python!
You block the jelly's attack.
You sock the jelly!
Your hands burn!
You bite the jelly. You drain its power.
The jelly is severely wounded.
You block the jelly's attack. The jelly barely misses you.
You hit the jelly but do no damage.
Your hands burn!
You bite the jelly, but do no damage.
The jelly is severely wounded.
The jelly barely misses you.
You sock the jelly!
You kill the jelly!
No target in view!
No target in view!
No target in view!
No target in view!
p - a ring of protection from cold
p - a ring of protection from cold (left hand)
You hear the slow hiss of an avalanche of sand nearby.
A goblin comes into view. It is wielding a +0 dagger.
The goblin shouts!
A goblin is nearby!
You block the goblin's attack.
You closely miss the goblin. You bite the goblin. You drain its power.
The goblin is moderately wounded.
The goblin hits you but does no damage. x2
You sock the goblin!
You kill the goblin!
No target in view!
q - a metallic green potion
Things that are here:
a +0 dagger; a goblin corpse You hear the slow hiss of a distant avalanche of sand.
You now have 136 gold pieces (gained 2).
You open the door.
Found a glowing silver altar of Zin.
An iguana comes into view.
Found a robe.
The iguana bites you.
You sock the iguana!
The iguana is heavily wounded.
The iguana bites you.
You sock the iguana!
The iguana is almost dead.
The iguana bites you.
You hit the iguana.
You kill the iguana!
You have reached level 6!
You hear the slow hiss of a distant avalanche of sand.
An orc comes into view. It is wielding a +0 falchion.
The orc shouts!
The orc throws a boomerang.
The boomerang hits you.
You barely miss the orc. The orc barely misses you. x2
You sock the orc!
You kill the orc!
No target in view!
No target in view!
r - 2 boomerangs;
s - a ring of magical power You now have 156 gold pieces (gained 20).
Things that are here:
a +0 falchion; a +0 ring mail You feel your magic capacity increase.
s - a ring of magical power (right hand)
Found 11 gold pieces.
Found a sand-covered staircase.
You hear the slow hiss of an avalanche of sand.
You now have 167 gold pieces (gained 11).
A rat zombie and a quokka zombie come into view.
There is a sand-covered staircase here.
The rat zombie bites you but does no damage.
You thump the rat zombie! Your bite misses the rat zombie.
The rat zombie is almost destroyed.
You block the rat zombie's attack.
You sock the rat zombie!
You destroy the rat zombie!
The quokka zombie bites you but does no damage.
The quokka zombie bites you.
You sock the quokka zombie!
You destroy the quokka zombie!
No target in view!
No target in view!
No target in view!
No target in view!
No target in view!
No target in view!
No target in view!
No target in view!
No target in view!
No target in view!
No target in view!
No target in view!
There is a sand-covered staircase here.
The world spins around you as you enter the gateway.
You enter an ossuary!
Found a gate leading back out of this place.
There is an empty arch of ancient stone here.
Magic restored.
You open the gate. 2 gnoll skeletons, 3 orc skeletons and a kobold skeleton come into view.
There are monsters nearby!
There are monsters nearby!
A kobold skeleton, a gnoll skeleton and an orc skeleton come into view.
There is an open gate here.
A mummy comes into view.
The orc skeleton closely misses you. The orc skeleton hits you.
You barely miss the orc skeleton. The kobold skeleton misses you.
The orc skeleton misses you. The orc skeleton closely misses you.
You sock the orc skeleton!
You destroy the orc skeleton!
The kobold skeleton hits you but does no damage.
The orc skeleton closely misses you.
You thump the orc skeleton!
You destroy the orc skeleton!
The kobold skeleton barely misses you. The gnoll skeleton hits you.
The orc skeleton hits you but does no damage.
You thump the gnoll skeleton! You bite the gnoll skeleton. You drain its power.
You feel invigorated.
The gnoll skeleton is severely damaged.
The kobold skeleton closely misses you. The gnoll skeleton misses you.
The gnoll skeleton barely misses you.
The orc skeleton hits you but does no damage.
You hit the gnoll skeleton.
The gnoll skeleton is severely damaged.
The kobold skeleton closely misses you. The gnoll skeleton hits you.
The gnoll skeleton closely misses you. You block the orc skeleton's attack.
You sock the gnoll skeleton!
You destroy the gnoll skeleton!
The kobold skeleton closely misses you.
The gnoll skeleton hits you but does no damage.
The orc skeleton misses you.
You thump the kobold skeleton!
You destroy the kobold skeleton!
You block the kobold skeleton's attack.
The gnoll skeleton hits you but does no damage.
You sock the orc skeleton!
You destroy the orc skeleton!
The kobold skeleton barely misses you.
The gnoll skeleton hits you but does no damage.
You sock the gnoll skeleton! You bite the gnoll skeleton. You drain its power.
The gnoll skeleton is almost destroyed.
The kobold skeleton hits you but does no damage.
You block the orc skeleton's attack. The gnoll skeleton closely misses you.
You sock the gnoll skeleton!
You destroy the gnoll skeleton!
The gnoll skeleton closely misses you. The kobold skeleton barely misses you.
The orc skeleton closely misses you.
You hit the mummy. You bite the mummy, but do no damage.
The mummy is lightly damaged.
The gnoll skeleton hits you but does no damage.
You block the kobold skeleton's attack. The mummy hits you!
The orc skeleton misses you.
You sock the mummy! You bite the mummy. You drain its power.
You feel invigorated.
The mummy is heavily damaged.
The gnoll skeleton hits you. The orc skeleton closely misses you.
The kobold skeleton hits you but does no damage.
You sock the mummy!
You destroy the mummy!
The gnoll skeleton barely misses you.
The orc skeleton hits you but does no damage.
You block the kobold skeleton's attack.
You barely miss the orc skeleton. You bite the orc skeleton.
You drain its power.
You feel invigorated.
The orc skeleton is lightly damaged.
The gnoll skeleton barely misses you.
The kobold skeleton hits you but does no damage.
You block the orc skeleton's attack.
You thump the orc skeleton!
You destroy the orc skeleton!
The gnoll skeleton barely misses you.
You sock the kobold skeleton!
You destroy the kobold skeleton!
You block the gnoll skeleton's attack.
You sock the gnoll skeleton!
You destroy the gnoll skeleton!
No target in view!
No target in view!
No target in view!
No target in view!
No target in view!
No target in view!
No target in view!
No target in view!
No target in view!
You open the door.
There is an open door here.
d - 2 potions of might (gained 1)
t - a fizzy orange potion
u - a scroll labelled HOJOCH ESAN
There is an open door here.
You open the gate.
There is an open gate here.
You open the door.
There is an open door here.
You open the door.
There is an open door here.
You open the door.
There is an open door here.
You closely miss the wraith. Your bite misses the wraith. The wraith hits you!
The wraith drains your vigour!
You feel yourself slow down.
You aren't carrying any items that you can evoke.
You feel very mighty all of a sudden. You block the wraith's attack.
The wraith hits you.
You closely miss the wraith. You bite the wraith! You drain its power.
You feel invigorated.
The wraith is moderately damaged.
The wraith hits you. The wraith drains your vigour!
You feel as though you will be slow longer.
The wraith hits you. The wraith drains your vigour!
You feel as though you will be slow longer.
You sock the wraith!
The wraith is heavily damaged.
The wraith hits you! The wraith drains your vigour!
You feel as though you will be slow longer.
You barely miss the wraith. Your bite misses the wraith.
The wraith is heavily damaged.
The wraith hits you. The wraith closely misses you.
You sock the wraith! You bite the wraith, but do no damage.
The wraith is almost destroyed.
You block the wraith's attack. The wraith hits you!
* * * LOW HITPOINT WARNING * * *
You barely miss the wraith.
The wraith is almost destroyed.
The wraith hits you.
* * * LOW HITPOINT WARNING * * *
The wraith drains your vigour!
You feel as though you will be slow longer.
You hit the wraith.
The wraith is almost destroyed.
The wraith hits you!
* * * LOW MAGIC WARNING * * *;
* * * LOW HITPOINT WARNING * * *
The wraith drains your vigour!
You feel as though you will be slow longer.
The wraith hits you!
* * * LOW MAGIC WARNING * * *;
* * * LOW HITPOINT WARNING * * *
You closely miss the wraith. Your bite misses the wraith.
The wraith is almost destroyed.
The wraith hits you!
* * * LOW MAGIC WARNING * * *
You die...

###############
...............
...............
#####'#####
##.........##
##...#####...##
##...##...##...##
#...##.!...##...#
+...@W?!?!..#...+
#...##..?!.##...#
##...##...##...##
. ##...#####...##
...##.........##
....#####'#####..
.................
.................
########'''######


You could see a wraith.

Vanquished Creatures
  A jelly (D:4)
  A hound (D:4)
  An iguana (D:4)
  An orc wizard (D:2)
  A mummy (Ossuary)
  A gnoll (D:1)
  3 adders (D:2)
  3 worms
  5 orcs
  9 ball pythons
  4 bats
  10 endoplasms
  5 giant cockroaches
  9 goblins
  3 hobgoblins (D:3)
  4 jackals (D:3)
  A quokka (D:1)
  4 frilled lizards
  3 gnoll skeletons (Ossuary)
  7 kobolds
  2 kobold skeletons (Ossuary)
  4 orc skeletons (Ossuary)
  A quokka zombie (D:4)
  6 rats
  A rat zombie (D:4)
90 creatures vanquished.

Notes
Turn   | Place    | Note
-------+----------+-------------------------------------------
     0 | D:1      | sleeves the Vine Stalker Fighter began the quest for the
                  | Orb.
     0 | D:1      | Reached XP level 1. HP: 11/11 MP: 2/2
    71 | D:1      | Reached skill level 2 in Maces & Flails
   287 | D:1      | Reached XP level 2. HP: 16/16 MP: 3/3
   725 | D:2      | Reached skill level 3 in Maces & Flails
   725 | D:2      | Reached XP level 3. HP: 15/19 MP: 2/4
   735 | D:2      | HP: 8/19 [orc/+0 flail (3)]
   744 | D:2      | HP: 5/19 [adder (1)]
   755 | D:2      | Gained mutation: Your natural rate of healing is unusually
                  | fast. [Vine Stalker growth]
   755 | D:2      | Reached XP level 4. HP: 10/23 MP: 5/5
   799 | D:2      | Reached skill level 4 in Maces & Flails
  1389 | D:2      | HP: 8/23 [gnoll/+0 flail (8)]
  1676 | D:3      | Reached XP level 5. HP: 27/27 MP: 6/6
  2047 | D:4      | Reached skill level 5 in Maces & Flails
  2196 | D:4      | Found a glowing silver altar of Zin.
  2223 | D:4      | Reached XP level 6. HP: 28/32 MP: 5/7
  2278 | D:4      | Found a sand-covered staircase.
  2295 | Ossuary  | Entered an ossuary
  2295 | Ossuary  | Noticed a wraith
  2295 | Ossuary  | Noticed a wraith
  2295 | Ossuary  | Noticed a wraith
  2362 | Ossuary  | Noticed a wraith
  2389 | Ossuary  | HP: 14/32 [wraith (5)]
  2391 | Ossuary  | HP: 2/32 [wraith (6)]
  2392 | Ossuary  | Slain by a wraith

Illustrated notes

Levels and vault maps discovered:
D:1:      minmay_arrival_solitary_statue, layout_basic
D:2:      layout_loops_ring
D:3:      layout_rooms
D:4:      layout_cave_pods, pdpol_temple_overflow_zin_treasury_gozag_greed,
          mainiacjoe_overflow_boulevard, enter_ossuary_4
Ossuary:  ossuary_due_mausoleum

Skill      XL: |  1  2  3  4  5 |
---------------+----------------+-----
Maces & Flails | 2 3 4 5 |  5.8
Fighting       | |  2.6
Armour         | |  2.4
Shields        | |  2.6

Action                   |  1- 3 |  4- 6 || total
-------------------------+-------+-------++-------
Melee: Flail             |    57 |   172 ||   229
       Bite              |    16 |    34 ||    50
  Use: Potion            |       |     1 ||     1
Armor: Scale mail        |    26 |   101 ||   127
Dodge: Dodged            |    26 |    82 ||   108
Block: Buckler           |    11 |    44 ||    55

Table legend: (Time is in decaauts)
 A = Elapsed time spent in this place.
 B = Non-inter-level travel time spent in this place.
 C = Inter-level travel time spent in this place.
 D = Time resting spent in this place.
 E = Time spent auto-exploring this place.
 F = Levels seen in this place.
 G = Mean time per level.
                   A        B        C        D        E       F      G
               +--------+--------+--------+--------+--------+-----+--------+
         Total |   2446 |   2340 |    106 |      9 |   1694 |   5 |  489.2 |
       Dungeon |   2342 |   2236 |    106 |      9 |   1630 |   4 |  585.5 |
       Ossuary |    104 |    104 |      0 |      0 |     64 |   1 |  104.0 |
               +--------+--------+--------+--------+--------+-----+--------+

Top non-repeatable levels by time:
     D:2: 946 daAuts
     D:1: 749 daAuts
     D:3: 377 daAuts
     D:4: 268 daAuts
 Ossuary: 104 daAuts
